 Dungeon Crawl Stone Soup version 0.29.1-1-gd02db6906a (webtiles) character file.

Game seed: 17380068185604685494

443 tardwrangler69 the Chopper (level 7, -1/43 HPs)
             Began as a Gargoyle Chaos Knight on Sept 28, 2022.
             Was a Plaything of Xom.
             Slain by a slime creature (glowing shapeshifter) (14 damage)
             ... on level 5 of the Dungeon.
             The game lasted 00:06:02 (3742 turns).

tardwrangler69 the Chopper (Gargoyle Chaos Knight)  Turns: 3742, Time: 00:06:03

Health: -1/43      AC: 13    Str: 15 (18) XL:     7   Next: 2%
Magic:  7/7        EV:  4    Int: 12      God:    Xom [......]
Gold:   190        SH:  4    Dex:  8 (9)  Spells: 6/6 levels left

rFire   . . .      SeeInvis .   a - +0 hand axe (chaos)
rCold   . . .      Faith    .   h - +0 buckler
rNeg    + . .      Spirit   .   o - +0 plate armour
rPois   ∞          Reflect  .   j - +0 helmet
rElec   +          Harm     .   (no cloak)
rCorr   +          Rampage  .   (no gloves)
Will    .....                   p - +0 pair of boots of the Hart {Regen+ rCorr}
Stlth   ..........              (no amulet)
HPRegen 0.94/turn               (no ring)
MPRegen 0.10/turn               (no ring)

@: no status effects
A: sickness immunity, AC +4, negative energy resistance 1, electricity
resistance, torment resistance 1, petrification resistance, talons 1, deformed
body, deterioration 1, screaming 1
a: Renounce Religion


You were on level 5 of the Dungeon.
You worshipped Xom.
You were a very special plaything of Xom.
You visited 1 branch of the dungeon, and saw 5 of its levels.

You collected 190 gold pieces.

Inventory:

Hand Weapons
 a - a +0 hand axe of chaos (weapon)
Armour
 h - a +0 buckler (worn)
 j - a +0 helmet (worn)
 o - a +0 plate armour (worn)
 p - the +0 pair of boots of the Hart (worn) {Regen+ rCorr}
   (You found it on level 3 of the Dungeon)

   Regen:     It increases your rate of health regeneration.
   rCorr:     It protects you from acid and corrosion.
Wands
 s - a wand of flame (21)
Scrolls
 d - a scroll of amnesia {unknown}
 e - 2 scrolls of teleportation
 f - 7 scrolls of identify {unknown}
 g - a scroll of poison {unknown}
 n - a scroll of fear {unknown}
 r - a scroll of blinking {unknown}
Potions
 b - a potion of heal wounds
 i - a potion of invisibility {unknown}
 k - a potion of cancellation {unknown}
 l - 2 potions of might {unknown}
 m - 2 potions of curing {unknown}
 q - a potion of flight {unknown}
Miscellaneous
 c - a piece from Xom's chessboard (15/15) (quivered)


   Skills:
 - Level 4.1 Fighting
 * Level 5.4 Axes
 + Level 3.7 Armour
 - Level 0.7 Dodging
 + Level 2.9 Shields


You had 6 spell levels left.
You didn't know any spells.
Your spell library contained the following spells:

 Spells                   Type           Power      Damage    Failure   Level
 Blink                    Tloc           0%         N/A       100%        2
 Gell's Gravitas          Tloc           0%         N/A       100%        3
 Teleport Other           Tloc           0%         N/A       100%        3
 Manifold Assault         Tloc           0%         N/A       100%        5
 Dispersal                Tloc           0%         N/A       100%        6
 Storm Form               Tmut/Air       0%         N/A       100%        7
 Borgnjor's Revivificati  Necr           0%         N/A       100%        8
 Necromutation            Tmut/Necr      0%         N/A       100%        8
 Death's Door             Necr           0%         N/A       100%        9


Dungeon Overview and Level Annotations

Branches:
Dungeon (5/15)             Temple (0/1) D:4

Altars:
Makhleb
Okawaru
The Shining One

Annotations:
D:4 exclusion: downstairs


Innate Abilities, Weirdness & Mutations

You are immune to sickness and miasma.
Your stone body is resilient. (AC +4)
You are immune to poison.
You resist negative energy. (rN+)
You are resistant to electric shocks. (rElec)
You are resistant to unholy torment.
You are immune to petrification.
You have sharp toenails.
Armour fits poorly on your strangely shaped body.
Your body sometimes deteriorates upon taking damage.
You occasionally shout uncontrollably at your foes.


Message History

Done exploring.
(D) Dungeon (T) Temple
Where to? (Enter - D:5, ? - help)
You see here a ball python skeleton.
There is a stone staircase leading down here.
You climb downwards.
You hear the hiss of flowing sand.
There is an entrance to an ossuary on this level.
Hurry and find it before the portal is buried!
You hear the slow hiss of a distant avalanche of sand.
Found a stone staircase leading down.
There is a stone staircase leading up here.
A scorpion comes into view.
A scorpion is nearby!
The scorpion stings you but does no damage.
The scorpion stings you.
You hit the scorpion but do no damage. The scorpion stings you.
Your body deteriorates!
You feel weakened.
You barely miss the scorpion. The scorpion stings you.
You hit the scorpion.
The scorpion changes into a glowing shapeshifter!
The glowing shapeshifter changes into a wolf spider!
The wolf spider changes into a slime creature!
You slash the slime creature!
The slime creature is lightly wounded.
The slime creature barely misses you.
You hit the slime creature.
The slime creature is lightly wounded.
The slime creature hits you!
You hit the slime creature. You burn the slime creature.
The slime creature is moderately wounded.
The slime creature hits you!
Your body deteriorates!
You feel weakened.
The slime creature attacks as you move away!
The slime creature hits you.
* * * LOW HITPOINT WARNING * * *
You emit a cloud of colourful smoke!
The slime creature attacks as you move away!
The slime creature hits you!
You die...
Xom bursts into laughter!

## .# . #. #.#
.. #. #.# ##
...##.###.# ..#
..........# ..#
.>........#...#
..........#..#
.......<@§§..#
........#J##....
........#§# .
#.##.####.# # #.
#.# # #.# #.#
#.# #.#


You could see a slime creature shaped shifter.

Vanquished Creatures
  A water moccasin (D:4)
  A bullfrog (D:4)
  2 orc priests (D:3)
  A hound (D:4)
  An iguana (D:4)
  7 adders
  3 dart slugs
  12 orcs
  6 endoplasms
  3 giant cockroaches (D:1)
  5 goblins
  8 hobgoblins
  7 jackals
  9 kobolds
  4 quokkas
  9 ball pythons
  3 bats
  2 frilled lizards
  3 rats
87 creatures vanquished.

Notes
Turn   | Place    | Note
-------+----------+-------------------------------------------
     0 | D:1      | tardwrangler69 the Gargoyle Chaos Knight began the quest
                  | for the Orb.
     0 | D:1      | Reached XP level 1. HP: 14/14 MP: 1/1
    28 | D:1      | Reached skill level 3 in Axes
   110 | D:1      | XOM: silly message
   229 | D:1      | Reached XP level 2. HP: 11/19 MP: 2/2
   590 | D:1      | XOM: divination: detect items
   660 | D:1      | XOM: 8-stop teleportation journey
   769 | D:1      | Reached XP level 3. HP: 24/24 MP: 3/3
   911 | D:1      | XOM: silly message
   926 | D:1      | XOM: summons 1 hostile demon
  1435 | D:2      | XOM: noise
  1447 | D:2      | XOM: summons 2 hostile demons
  1688 | D:2      | XOM: noise
  1945 | D:2      | XOM: stat loss: -1 Str (15/17)
  2050 | D:2      | Reached XP level 4. HP: 29/29 MP: 4/4
  2076 | D:2      | XOM: 10-stop teleportation journey
  2457 | D:3      | Reached skill level 4 in Axes
  2467 | D:3      | Identified the +0 pair of boots of the Hart {Regen+ rCorr}
  2604 | D:3      | Found a glowing golden altar of the Shining One.
  2695 | D:3      | Found an iron altar of Okawaru.
  2875 | D:3      | Reached skill level 1 in Shields
  3097 | D:3      | XOM: confuse monster(s)
  3104 | D:3      | Reached XP level 5. HP: 33/33 MP: 5/5
  3112 | D:3      | XOM: chaos cloud
  3118 | D:3      | XOM: smoke on damage
  3143 | D:3      | XOM: noise
  3187 | D:3      | XOM: give mutations
  3187 | D:3      | Gained mutation: Armour fits poorly on your strangely
                  | shaped body. [Xom's mischief]
  3187 | D:3      | Gained mutation: You have sharp toenails. [Xom's mischief]
  3187 | D:3      | Gained mutation: Your body sometimes deteriorates upon
                  | taking damage. [Xom's mischief]
  3187 | D:3      | Gained mutation: You occasionally shout uncontrollably at
                  | your foes. [Xom's mischief]
  3195 | D:4      | Found a staircase to the Ecumenical Temple.
  3242 | D:4      | Reached XP level 6. HP: 35/38 MP: 6/6
  3303 | D:4      | Found a burning altar of Makhleb.
  3477 | D:4      | Noticed a water moccasin
  3497 | D:4      | Killed a water moccasin
  3498 | D:4      | Reached skill level 5 in Axes
  3577 | D:4      | Noticed Blork the orc
  3581 | D:4      | Noticed Blork
  3581 | D:4      | Blork the orc changed into Blork the bullfrog
  3581 | D:4      | XOM: polymorph Blork the orc -> Blork the bullfrog
  3586 | D:4      | Killed Blork the bullfrog
  3587 | D:4      | Reached XP level 7. HP: 40/43 MP: 7/7
  3657 | D:5      | Entered Level 5 of the Dungeon
  3688 | D:5      | XOM: confusion (+ monsters)
  3736 | D:5      | Noticed a glowing shapeshifter
  3736 | D:5      | a scorpion changed into a glowing shapeshifter
  3736 | D:5      | Noticed a wolf spider
  3736 | D:5      | a glowing shapeshifter changed into a wolf spider
  3736 | D:5      | Noticed a slime creature
  3736 | D:5      | a wolf spider changed into a slime creature
  3741 | D:5      | XOM: smoke on damage
  3742 | D:5      | Slain by a slime creature (glowing shapeshifter)

Illustrated notes

Levels and vault maps discovered:
D:1:      dpeg_arrival_tiny_b, layout_loops_ring, minmay_pentomino_x4
D:2:      layout_basic, minivault_5, bh_walls_and_bars
D:3:      layout_loops_cross, okawaru_gym_becter, tso_metal_star, serial_forest,
          infiniplex_forest_split, infiniplex_forest_clump_cross,
          infiniplex_forest_lined_2, infiniplex_forest_straight_3,
          infiniplex_forest_clump_tiny, kennysheep_generic_room_14
D:4:      layout_cave_pools, mainiacjoe_overflow_24_doors,
          minmay_temple_entry_overgrown, serial_column_ruins,
          column_ruins_open_small, column_ruins_open_medium_water,
          column_ruins_grid_1, column_ruins_open_small, column_ruins_open_small,
          uniq_blork_the_orc
D:5:      layout_basic, nicolae_ossuary_entry_monument

Skill      XL: |  1  2  3  4  5  6 |
---------------+-------------------+-----
Axes           | 3 4 5 |  5.4
Fighting       | 4 |  4.1
Shields        | 1 2 |  2.9
Armour         | 3 |  3.7
Dodging        | |  0.7

Action                   |  1- 3 |  4- 6 |  7- 9 || total
-------------------------+-------+-------+-------++-------
Melee: Hand axe          |   129 |   155 |    19 ||   303
  Use: Potion            |     2 |     1 |       ||     3
       Scroll            |       |     1 |       ||     1
 Stab: Sleeping          |     1 |       |       ||     1
Armor: Leather armour    |    32 |       |       ||    32
       Ring mail         |    53 |     2 |       ||    55
       Plate armour      |       |    82 |     6 ||    88
Dodge: Dodged            |    73 |    32 |     3 ||   108
Block: Buckler           |     1 |    30 |     1 ||    32
